 Dungeon Crawl Stone Soup version 0.29.1-2-gbd0b4ee654 (webtiles) character file.

Game seed: 15003987562106351652

101 KittyFluff the Trooper (level 4, -1/29 HPs)
             Began as a Gargoyle Berserker on Nov 12, 2022.
             Was a Believer of Trog.
             Slain by Grinder (6 damage)
             ... while paralysed by Grinder
             ... on level 3 of the Dungeon.
             The game lasted 00:07:48 (1992 turns).

KittyFluff the Trooper (Gargoyle Berserker)         Turns: 1992, Time: 00:07:49

Health: -1/29      AC:  7    Str: 20    XL:     4   Next: 75%
Magic:  4/4        EV:  2    Int:  8    God:    Trog [**....]
Gold:   161        SH:  0    Dex: 11    Spells: 3/3 levels left

rFire   . . .      SeeInvis .   a - +0 mace
rCold   . . .      Faith    .   (no shield)
rNeg    + . .      Spirit   .   b - +0 animal skin
rPois   ∞          Reflect  .   (no helmet)
rElec   +          Harm     .   (no cloak)
rCorr   .          Rampage  .   n - +0 pair of gloves
Will    .....                   (no boots)
Stlth   +.........              (no amulet)
HPRegen 0.09/turn               d - +4 ring of slaying
MPRegen 0.09/turn               (no ring)

@: paralysed
A: sickness immunity, AC +3, negative energy resistance 1, electricity
resistance, torment resistance 1, petrification resistance
a: Renounce Religion, Berserk, Trog's Hand


You were on level 3 of the Dungeon.
You worshipped Trog.
Trog was pleased with you.
You visited 1 branch of the dungeon, and saw 3 of its levels.

You collected 161 gold pieces.

Inventory:

Hand Weapons
 a - a +0 mace (weapon)
Missiles
 f - 2 atropa-tipped darts (quivered)
Armour
 b - a +0 animal skin (worn)
 n - a +0 pair of gloves (worn)
Jewellery
 d - a +4 ring of slaying (left hand)
 l - a ring of protection from cold
Scrolls
 c - a scroll of poison {unknown}
 e - a scroll of identify {unknown}
 j - a scroll of blinking {unknown}
 k - a scroll of noise {unknown}
 m - a scroll of magic mapping {unknown}
 p - a scroll of vulnerability {unknown}
Potions
 g - a potion of brilliance {unknown}
 h - a potion of cancellation {unknown}
 i - a potion of attraction {unknown}
 o - a potion of resistance {unknown}


   Skills:
 + Level 4.0 Fighting
 + Level 4.0 Maces & Flails
 * Level 3.1 Armour
 + Level 2.0 Dodging
 + Level 0.7 Stealth


You had 3 spell levels left.
You didn't know any spells.
Your spell library was empty.

Dungeon Overview and Level Annotations

Branches:
Dungeon (3/15)

Altars:

Annotations:
D:3 Grinder


Innate Abilities, Weirdness & Mutations

You are immune to sickness and miasma.
Your stone body is resilient. (AC +3)
You are immune to poison.
You resist negative energy. (rN+)
You are resistant to electric shocks. (rElec)
You are resistant to unholy torment.
You are immune to petrification.


Message History

Grinder gestures at you. Pain shoots through your body!
You hit Grinder.
Grinder is lightly wounded.
Grinder blinks!
You hit Grinder.
Grinder is moderately wounded.
Grinder hits you.
You writhe in agony.
You closely miss Grinder.
Grinder is moderately wounded.
Grinder gestures at you. Pain shoots through your body!
You hit Grinder.
Grinder is moderately wounded.
Grinder hits you but does no damage. Grinder hits you.
You writhe in agony.
You closely miss Grinder.
Grinder is moderately wounded.
Grinder hits you but does no damage.
You hit Grinder.
Grinder is heavily wounded.
Grinder rolls her eyes.
Grinder closely misses you.
You hit Grinder.
Grinder is heavily wounded.
Grinder gestures at you. Pain shoots through your body!
* * * LOW HITPOINT WARNING * * *
You barely miss Grinder.
Grinder is heavily wounded.
Grinder hits you.
* * * LOW HITPOINT WARNING * * *
You closely miss Grinder.
Grinder is heavily wounded.
Grinder barely misses you. x2
You barely miss Grinder.
Grinder is heavily wounded.
Grinder gestures at you.
You suddenly lose the ability to move!
Grinder hits you.
You die...

## #.# ####.######.#
.....<....#.#
.########.#.# .###..#
#.#.# ......###.#.#
............#
†####.##...#############
.# #...........@5......
.# ####.<.#############
.# ##.## .########.#
..........# ###########


You could see Grinder.

Vanquished Creatures
  Natasha (D:2)
  An adder skeleton (D:2)
  3 adder zombies (D:2)
  A worm (D:3)
  A dart slug (D:3)
  3 bat skeletons (D:2)
  A bat zombie (D:2)
  5 endoplasms
  6 giant cockroaches
  4 goblins
  4 hobgoblins
  2 jackals (D:1)
  2 quokkas
  5 ball pythons
  A ball python skeleton (D:2)
  4 bats (D:1)
  5 frilled lizards
  3 kobolds
  A quokka skeleton (D:2)
  A quokka zombie (D:2)
  A rat (D:1)
55 creatures vanquished.

Vanquished Creatures (others)
  2 fungi (D:1)
  A plant (D:1)
  A withered plant (D:2)
4 creatures vanquished.

Grand Total: 59 creatures vanquished

Notes
Turn   | Place    | Note
-------+----------+-------------------------------------------
     0 | D:1      | KittyFluff the Gargoyle Berserker began the quest for the
                  | Orb.
     0 | D:1      | Reached XP level 1. HP: 14/14 MP: 1/1
   724 | D:1      | Found a faded altar of an unknown god.
   736 | D:1      | Reached XP level 2. HP: 18/19 MP: 2/2
   963 | D:1      | Reached XP level 3. HP: 20/24 MP: 3/3
  1217 | D:1      | Reached ** piety under Trog
  1396 | D:2      | Noticed Natasha
  1399 | D:2      | Killed Natasha
  1400 | D:2      | Reached XP level 4. HP: 29/29 MP: 4/4
  1964 | D:3      | Noticed Grinder
  1991 | D:3      | Paralysed by Grinder for 2 turns
  1992 | D:3      | Slain by Grinder

Illustrated notes

Levels and vault maps discovered:
D:1:      dpeg_arrival_water_fire, layout_basic,
          hellmonk_ecumenical_altar_run_dry, minmay_bisected
D:2:      layout_loops_ring, serial_undead, serial_undead_e, serial_undead_b,
          serial_undead_f, serial_undead_e, serial_undead_a, serial_undead_d,
          serial_undead_e, serial_undead_a, serial_undead_b, serial_undead_b,
          uniq_natasha
D:3:      layout_loops_ring, cheibrodos_worm_habitat, serial_shops, shop,
          uniq_sigmund, uniq_grinder

Skill      XL: |  1  2  3  4 |
---------------+-------------+-----
Fighting       | 4 |  4.0
Armour         | 3 |  3.1
Dodging        | 2 |  2.0
Maces & Flails | 4 |  4.0
Stealth        | |  0.7

Action                   |  1- 3 |  4- 6 || total
-------------------------+-------+-------++-------
Melee: Mace              |    80 |    55 ||   135
 Stab: Sleeping          |       |     1 ||     1
Armor: Animal skin       |    35 |    24 ||    59
Dodge: Dodged            |    56 |    40 ||    96
